 Dungeon Crawl Stone Soup version 0.29.1 (webtiles) character file.

Game seed: 16041035642703054848

44 masschaos23 the Sneak (level 3, -1/25 HPs)
             Began as an Octopode Brigand on Sept 13, 2022.
             Slain by a goblin
             ... wielding a +0 dagger
             ... led by Robin
              (4 damage)
             ... on level 2 of the Dungeon.
             The game lasted 00:02:05 (933 turns).

masschaos23 the Sneak (Octopode Brigand)             Turns: 933, Time: 00:02:06

Health: -1/25      AC:  1    Str: 10    XL:     3   Next: 62%
Magic:  3/3        EV: 13    Int: 13    God:
Gold:   103        SH:  0    Dex: 15    Spells: 2/2 levels left

rFire   . . .      SeeInvis .   a - +2 dagger
rCold   . . .      Faith    .   (no shield)
rNeg    . . .      Spirit   .   (helmet restricted)
rPois   .          Reflect  .   (no amulet)
rElec   .          Harm     .   (no ring)
rCorr   .          Rampage  .   (no ring)
Will    .....                   (no ring)
Stlth   ++++......              (no ring)
HPRegen 0.08/turn               (no ring)
MPRegen 0.08/turn               (no ring)
                                (no ring)
                                (no ring)

@: no status effects
A: almost no armour, amphibious, 8 rings, camouflage 1, gelatinous body 1,
(nimble swimmer 1), tentacles
a: no special abilities


You were on level 2 of the Dungeon.
You visited 1 branch of the dungeon, and saw 2 of its levels.

You collected 103 gold pieces.

Inventory:

Hand Weapons
 a - a +2 dagger (weapon)
 e - a +1 whip of flaming
Missiles
 b - 9 poisoned darts (quivered)
 c - 3 curare-tipped darts
Magical Staves
 d - a staff of fire
Jewellery
 g - a +4 ring of protection
Scrolls
 f - a scroll of silence {unknown}
 i - a scroll of teleportation {unknown}
 j - a scroll of brand weapon {unknown}
 k - a scroll of torment {unknown}
Potions
 h - a potion of curing {unknown}


   Skills:
 + Level 2.3 Fighting
 + Level 2.6 Short Blades
 + Level 2.0 Throwing
 + Level 1.1 Dodging
 + Level 6.3 Stealth


You had 2 spell levels left.
You didn't know any spells.
Your spell library was empty.

Dungeon Overview and Level Annotations

Branches:
Dungeon (2/15)

Altars:

Annotations:
D:2 Robin


Innate Abilities, Weirdness & Mutations

You cannot wear most types of armour.
You are amphibious.
You can wear up to eight rings at the same time.
Your skin changes colour to match your surroundings (Stealth+).
Your rubbery body absorbs attacks. (AC +1, EV +1)
((You are camouflaged when in or above water. (Stealth+)))
You have tentacles for arms and can constrict up to eight enemies at once.


Message History

2 goblins come into view.
Found a scroll labelled REPNEZ OGEN and a scroll labelled MOZODU WIAGHI.
There is an open door here. 2 goblins come into view.
The goblin shouts! x3
The goblin unwields a +0 club.
The goblin wields a +0 sling.
The goblin shoots a sling bullet.
The sling bullet hits you but does no damage.
You hear a shout!
Robin, a goblin and a hobgoblin come into view.
Robin shouts!
The hobgoblin shouts!
Robin throws the goblin at you! The goblin barely misses you.
The goblin shoots a sling bullet.
The sling bullet hits you!
The goblin shouts!
You hear a shout!
You barely miss the goblin. Your grab misses the goblin.
You hear a shout! x2
The goblin hits you with a +0 dagger.
A hobgoblin comes into view. x2
The goblin closely misses you. Robin throws the goblin at you!
The goblin closely misses you.
You see here a scroll labelled REPNEZ OGEN.
You barely miss the goblin. Your grab misses the goblin.
The goblin hits you with a +0 dagger. The goblin completely misses you.
You hit the goblin.
You kill the goblin!
The goblin closely misses you. The goblin barely misses you.
Robin roars a battlecry!
The goblins go into a battle-frenzy!
A hobgoblin comes into view.
The hobgoblin shouts!
You see here a +0 dagger.
The goblin attacks as you move away! The goblin hits you with a +0 club!
* * * LOW HITPOINT WARNING * * *
A hobgoblin comes into view.
A goblin comes into view. It is wielding a +0 dagger.
The goblin closely misses you.
There is an open door here.
The goblin attacks as you move away! The goblin hits you with a +0 dagger.
You die...

#........##.##########
###########..........#
########.###
########## #.#
.........# #.#
..g..g...# #.#
........g# #.#
..gg..ggg######.#
......ggg@......#
.........########
.........# .........#
.........# ......?..#
........# ........#


You could see Robin, 5 hobgoblins and 5 goblins.

Vanquished Creatures
  A gnoll (D:1)
  A worm (D:2)
  A dart slug (D:1)
  2 endoplasms (D:1)
  2 giant cockroaches (D:1)
  2 goblins
  3 hobgoblins
  2 jackals (D:1)
  4 kobolds (D:1)
  A quokka (D:1)
  4 bats (D:1)
  4 frilled lizards (D:1)
  2 rats
29 creatures vanquished.

Notes
Turn   | Place    | Note
-------+----------+-------------------------------------------
     0 | D:1      | masschaos23 the Octopode Brigand began the quest for the
                  | Orb.
     0 | D:1      | Reached XP level 1. HP: 14/14 MP: 1/1
   298 | D:1      | Reached XP level 2. HP: 19/19 MP: 2/2
   528 | D:1      | Reached skill level 6 in Stealth
   539 | D:1      | Reached XP level 3. HP: 24/24 MP: 3/3
   925 | D:2      | Noticed Robin
   933 | D:2      | Slain by a goblin

Illustrated notes

Levels and vault maps discovered:
D:1:      tarquinn_simple_flora_water_a, layout_basic, minmay_fountain_box,
          hex_large
D:2:      layout_basic, hellmonk_ecumenical_altar_heavens_door, basic_altar,
          minmay_tetromino_i2, uniq_robin, uniq_terence

Skill      XL: |  1  2 |
---------------+-------+-----
Stealth        | 6 |  6.3
Fighting       | |  2.3
Short Blades   | |  2.6
Throwing       | |  2.0
Dodging        | |  1.1

Action                   || total
-------------------------++-------
Melee: Dagger            ||    50
       Tentacles         ||     7
       Constrict         ||     7
 Stab: Sleeping          ||    18
Armor: Skin              ||     3
Dodge: Dodged            ||    18
